 Dungeon Crawl Stone Soup version 0.27-a0-1202-ge72e49191c (webtiles) character file.

Game seed: 14284981955103787839

68 freelancePsychic the Digger (level 4, -1/24 HPs)
             Began as a Gargoyle Earth Elementalist on June 3, 2021.
             Slain by a goblin
             ... wielding a +0 club
             ... led by Robin
              (3 damage)
             ... on level 2 of the Dungeon.
             The game lasted 00:02:55 (1907 turns).

freelancePsychic the Digger (GrEE)                  Turns: 1907, Time: 00:02:56

Health: -1/24      AC:  5    Str: 12    XL:     4   Next: 19%
Magic:  1/8        EV: 11    Int: 16    God:
Gold:   29         SH:  0    Dex: 10    Spells: 4/8 levels left

rFire    . . .     SeeInvis .   i - +0 flail
rCold    . . .     Faith    .   (no shield)
rNeg     + . .     Spirit   .   c - +0 robe
rPois    ∞         Reflect  .   (no helmet)
rElec    +         Harm     .   (no cloak)
rCorr    .         Rampage  .   (no gloves)
Will     .....                  (no boots)
Stlth    ++........             (no amulet)
HPRegen  0.08/turn              (no ring)
MPRegen  0.11/turn              (no ring)

@: no status effects
A: sickness immunity, AC +3, negative energy resistance 1, electricity
resistance, torment resistance 1, petrification resistance
a: no special abilities


You were on level 2 of the Dungeon.
You visited 1 branch of the dungeon, and saw 2 of its levels.

You collected 29 gold pieces.

Inventory:

Hand Weapons
 e - a +0 spear
 i - a +0 flail (weapon)
Missiles
 b - 37 stones
Armour
 c - a +0 robe (worn)
Jewellery
 h - a +6 ring of intelligence
Scrolls
 a - a scroll of torment {unknown}
 f - a scroll of noise {unknown}
 g - a scroll of enchant armour {unknown}
Potions
 d - 2 potions of curing {unknown}
 j - a potion of ambrosia {unknown}


   Skills:
 - Level 1.5 Dodging
 - Level 2.1 Stealth
 + Level 2.8 Spellcasting
 + Level 2.1 Conjurations
 - Level 0.7 Transmutations
 + Level 4.5 Earth Magic


You had 4 spell levels left.
You knew the following spells:

 Your Spells              Type           Power      Damage    Failure   Level
a - Sandblast             Erth           32%        2d9       3%          1
b - Stone Arrow           Conj/Erth      24%        3d8       14%         3

Your spell library contained the following spells:

 Spells                   Type           Power      Damage    Failure   Level
 Passwall                 Tmut/Erth      8%         N/A       10%         2
 Animate Skeleton         Necr           4%         N/A       19%         1
 Pain                     Necr           8%         1d4       19%         1
 Vampiric Draining        Necr           1%         2d6       50%         3
 Petrify                  Tmut/Erth      10%        N/A       54%         4
 Animate Dead             Necr           1%         N/A       88%         4
 Lee's Rapid Deconstruct  Erth           8%         3d8*      63%         5
 Agony                    Necr           2%         N/A       99%         5


Dungeon Overview and Level Annotations

Branches:
Dungeon (2/15)

Altars:

Shops:
D:1 ?


Innate Abilities, Weirdness & Mutations

You are immune to sickness and miasma.
Your stone body is resilient. (AC +3)
You are immune to poison.
You resist negative energy. (rN+)
You are resistant to electric shocks. (rElec)
You are resistant to unholy torment.
You are immune to petrification.


Message History

Confirm with . or Enter, or press ? or * to list all spells.
Aiming: Sandblast (safe; 3% risk of failure)
Press: ? - help, Shift-Dir - straight line, f - goblin
Aim: a goblin, wielding a +0 club (74% to hit)
You miscast Sandblast.
You are very lightly contaminated with residual magic.
Nothing appears to happen.
Casting: Sandblast (safe; 3% risk of failure)
Confirm with . or Enter, or press ? or * to list all spells.
Aiming: Sandblast (safe; 3% risk of failure)
Press: ? - help, Shift-Dir - straight line, p - goblin The blast of sand hits the goblin.
You kill the goblin!
Casting: Sandblast (safe; 3% risk of failure)
Confirm with . or Enter, or press ? or * to list all spells.
You don't have enough magic to cast this spell.
The goblin hits you with a +0 club.
* * * LOW HITPOINT WARNING * * *
Things that are here:
a +0 club; a +0 club; a goblin corpse You hit the goblin.
The goblin is moderately wounded.
The goblin hits you but does no damage. The goblin hits you with a +0 club.
* * * LOW HITPOINT WARNING * * *
You barely miss the goblin.
The goblin is moderately wounded.
The goblin hits you but does no damage.
You closely miss the goblin.
The goblin is moderately wounded.
The goblin barely misses you.
Your magical contamination has completely faded away.
You closely miss the goblin.
The goblin is moderately wounded.
The goblin hits you with a +0 club.
* * * LOW HITPOINT WARNING * * *
The goblin hits you but does no damage.
You closely miss the goblin.
The goblin is moderately wounded.
The goblin hits you with a +0 club.
You die...

#...# #...#
#...#########
#.........<.#
......#####.#
.....†#####.## #####
......#...#..# ##...#
......#.#..#.###.g#.#
......#.##....#.@##.#
......#.###.....###g#
......#.#.##...##.#.#
##.####.'8.##.##.8'.#
##.# #.#...#+#...#.#
...####.##...+...##.#
.........##.....##.##
..........##.8.##..#
.........g.##.##..##


You could see a goblin.

Vanquished Creatures
  Robin (D:2)
  A gnoll (D:1)
  A dart slug (D:2)
  3 ball pythons (D:1)
  5 bats
  2 endoplasms
  3 giant cockroaches (D:1)
  14 goblins
  A hobgoblin (D:2)
  3 quokkas (D:1)
  2 frilled lizards (D:1)
  3 kobolds
  4 rats
43 creatures vanquished.

Notes
Turn   | Place    | Note
-------+----------+-------------------------------------------
     0 | D:1      | freelancePsychic the Gargoyle Earth Elementalist began the
                  | quest for the Orb.
     0 | D:1      | Reached XP level 1. HP: 10/10 MP: 3/3
   144 | D:1      | Found a faded altar of an unknown god.
   259 | D:1      | Reached XP level 2. HP: 15/15 MP: 1/5
   504 | D:1      | Reached skill level 1 in Conjurations
   525 | D:1      | Found Goliph's Magic Scroll Shop.
   686 | D:1      | Reached skill level 4 in Earth Magic
   822 | D:1      | Reached XP level 3. HP: 19/19 MP: 2/6
  1532 | D:2      | Learned a level 3 spell: Stone Arrow
  1830 | D:2      | Noticed Robin
  1842 | D:2      | Killed Robin
  1843 | D:2      | Reached XP level 4. HP: 3/24 MP: 0/8
  1907 | D:2      | Slain by a goblin

Illustrated notes

Levels and vault maps discovered:
D:1:      lemuel_arrival_broad_hall, layout_basic, serial_shops, shop,
          basic_ecumenical_altar
D:2:      layout_basic, grunt_decor_arrowhead, palyth_stone_intersect,
          chequers_garden, uniq_robin

Skill      XL: |  1  2  3 |
---------------+----------+-----
Conjurations   | 1 2 |  2.1
Earth Magic    | 4 |  4.5
Dodging        | |  1.5
Stealth        | |  2.1
Spellcasting   | |  2.8
Transmutations | |  0.7

Action                   |  1- 3 |  4- 6 || total
-------------------------+-------+-------++-------
Melee: Unarmed           |     3 |       ||     3
       Spear             |    37 |       ||    37
       Flail             |    52 |     6 ||    58
 Cast: Sandblast         |    29 |     5 ||    34
Armor: Robe              |    57 |     3 ||    60
Dodge: Dodged            |    85 |     3 ||    88

Table legend: (Time is in decaauts)
 A = Elapsed time spent in this place.
 B = Non-inter-level travel time spent in this place.
 C = Inter-level travel time spent in this place.
 D = Time resting spent in this place.
 E = Time spent auto-exploring this place.
 F = Levels seen in this place.
 G = Mean time per level.
                   A        B        C        D        E       F      G
               +--------+--------+--------+--------+--------+-----+--------+
         Total |   1932 |   1897 |     35 |      0 |   1555 |   2 |  966.0 |
       Dungeon |   1932 |   1897 |     35 |      0 |   1555 |   2 |  966.0 |
               +--------+--------+--------+--------+--------+-----+--------+

Top non-repeatable levels by time:
     D:1: 1151 daAuts
     D:2: 781 daAuts
